Map: Blackburn LE

Players

JimRising - Winner!

  • Race: Zerg Zerg
  • League: Grandmaster

SpeCial

  • Race: Terran Terran
  • League: Master

Event: DreamHack SC2 Masters 2021 Summer

VOD

Have the link to the VOD?

Description

Time

  • Played on: May 21, 2021, 3:35 p.m.
  • Length: 9:33

All games in this series

Show
View Real Time Build Order
Export as new Build Order

JimRising Zerg - Winner!

Build Orders: Hatch First, Muta Ling Bane 

Get SALT Encoding   

  12  0:00  Drone  
  13  0:12  Overlord  
  13  0:18  Drone  
  14  0:31  Drone x2  
  16  0:49  Hatchery  
  15  0:52  Drone  
  15  0:55  Drone  
  17  0:58  Drone  
  18  1:04  Extractor  
  17  1:15  Spawning Pool  
  17  1:18  Drone  
  17  1:21  Drone  
  18  1:29  Drone  
  19  1:39  Drone  
  20  1:49  Overlord  
  20  2:02  Queen x2  
  20  2:03  Zergling x2  
  20  2:04  Zergling x2  
  20  2:08  Metabolic Boost  
  26  2:12  Drone  
  26  2:15  Drone  
  28  2:24  Drone x2  
  28  2:27  Spore Crawler  
  29  2:36  Drone x2  
  32  2:41  Queen  
  32  2:43  Queen  
  36  2:49  Overlord  
  36  2:55  Overlord  
  36  3:07  Drone x2  
  36  3:08  Drone x2  
  36  3:11  Drone x3  
  36  3:12  Drone  
  44  3:14  Drone  
  44  3:15  Drone  
  44  3:18  Drone  
  47  3:20  Drone  
  48  3:34  Hatchery  
  48  3:36  Zergling x2  
  48  3:37  Zergling x2  
  49  3:45  Lair  
  49  3:49  Drone x3  
  49  3:52  Overlord  
  49  3:54  Extractor  
  51  3:57  Overlord  
  51  4:01  Extractor  
  51  4:02  Extractor  
  49  4:04  Drone x2  
  51  4:13  Drone  
  52  4:19  Overlord  
  52  4:20  Drone x4  
  56  4:24  Baneling Nest  
  56  4:26  Drone  
  56  4:28  Zergling x8  
  60  4:34  Spine Crawler  
  60  4:36  Queen  
  60  4:37  Overlord  
  61  4:48  Drone  
  61  4:49  Spire, Drone  
  62  5:02  Overlord, Drone x4  
  66  5:09  Baneling  
  66  5:10  Baneling x3  
  66  5:20  Centrifical Hooks  
  66  5:21  Drone x3  
  66  5:22  Extractor  
  68  5:28  Drone x2  
  68  5:30  Extractor, Drone x3  
  68  5:33  Overlord  
  68  5:35  Zergling x10  
  75  5:36  Zergling x2  
  78  5:43  Overlord  
  78  6:02  Mutalisk x2  
  78  6:03  Mutalisk x6  
  94  6:05  Zergling x2  
  94  6:06  Zergling x2  
  94  6:08  Overlord  
  96  6:13  Mutalisk  
  96  6:14  Zergling x2  
  98  6:22  Overlord x2  
  98  6:26  Overlord, Baneling x3  
  98  6:28  Mutalisk  
  98  6:31  Mutalisk  
  102  6:33  Baneling x2  
  94  6:40  Zergling x8  
  94  6:41  Zergling x4  
  94  6:42  Zergling x2  
  94  6:43  Zergling x2  
  99  6:51  Zergling x4  
  99  6:52  Zergling x8  
  102  6:54  Zergling x2  
  102  6:55  Zergling x2  
  104  7:01  Mutalisk x2  
  104  7:06  Mutalisk x2  
  102  7:12  Mutalisk x2  
  106  7:21  Mutalisk x2  
  106  7:22  Zergling x2  
  110  7:25  Drone  
  110  7:27  Zerg Flyer Weapons Level 1  
  110  7:29  Zergling x4  
  113  7:36  Mutalisk x2  
  111  7:40  Zergling x8  
  117  7:51  Zergling x6  
  120  7:54  Overlord  
  120  7:55  Drone  
  120  7:57  Overlord  
  120  7:58  Evolution Chamber  
  120  7:59  Mutalisk x2  
  124  8:11  Zergling x10  
  129  8:16  Baneling x11  
  129  8:17  Baneling x2  
  129  8:26  Zergling x4  
  129  8:27  Zergling x4  
  133  8:30  Zergling x4  
  133  8:31  Zergling x4  
  130  8:51  Mutalisk  
  130  8:53  Mutalisk x5  
  130  8:54  Zergling x2  
  130  8:55  Zergling x6  
  127  8:57  Zergling x2  
  127  8:59  Zergling x2  
  127  9:00  Zergling x2  
  126  9:05  Mutalisk x2  
  126  9:08  Zergling x2  
  116  9:11  Zergling x2  
Show
View Real Time Build Order
Export as new Build Order

SpeCial Terran 

Build Orders: Reaper Expand 

Get SALT Encoding   

  12  0:00  SCV  
  13  0:12  SCV  
  14  0:17  Supply Depot  
  14  0:24  SCV  
  15  0:39  Barracks, SCV  
  16  0:43  Refinery  
  16  0:51  SCV  
  17  1:03  SCV  
  18  1:15  SCV  
  19  1:27  Reaper  
  19  1:28  Orbital Command  
  20  1:40  Command Center  
  20  1:52  Supply Depot  
  20  1:54  SCV  
  20  1:59  Marine  
  22  2:06  SCV  
  23  2:09  Factory  
  23  2:14  Refinery  
  23  2:18  SCV  
  23  2:20  Barracks Reactor  
  24  2:30  SCV  
  25  2:42  SCV  
  26  2:54  Starport, SCV  
  26  2:55  Orbital Command  
  27  3:03  Barracks Tech Lab, Hellion x2  
  31  3:07  SCV  
  32  3:16  Supply Depot  
  32  3:19  SCV  
  33  3:21  SCV  
  33  3:23  Stimpack, Marine  
  35  3:30  Viking  
  35  3:32  SCV  
  38  3:34  SCV  
  39  3:42  Barracks  
  39  3:46  SCV  
  39  3:47  SCV  
  39  3:48  Marine  
  42  3:51  Factory Reactor  
  42  3:53  Barracks  
  42  3:59  SCV  
  42  4:01  Starport Reactor, SCV  
  44  4:03  Supply Depot  
  44  4:06  Marine  
  45  4:11  SCV  
  45  4:13  SCV  
  46  4:18  Engineering Bay  
  46  4:23  SCV  
  46  4:24  Marine  
  48  4:25  SCV  
  48  4:27  Supply Depot  
  48  4:30  Refinery  
  49  4:34  Marine x2  
  49  4:35  SCV  
  52  4:38  Medivac x2  
  52  4:39  SCV  
  52  4:44  Terran Infantry Weapons Level 1  
  57  4:47  SCV  
  57  4:48  Marine x3  
  57  4:52  Factory Reactor, Marine  
  62  4:56  Supply Depot  
  62  4:57  Marine, SCV  
  62  4:59  SCV  
  65  5:05  Combat Shield, Marine  
  65  5:06  Marine x2  
  68  5:10  Refinery, Marine  
  69  5:15  Marine  
  69  5:18  SCV x2  
  72  5:22  Medivac  
  72  5:23  Marine x2  
  72  5:24  Marine  
  72  5:28  Marine  
  78  5:30  Supply Depot  
  78  5:41  Command Center  
  78  5:52  Widow Mine, Marine x5  
  85  6:06  Supply Depot  
  85  6:09  Marine  
  86  6:16  Supply Depot  
  86  6:25  Missile Turret  
  86  6:27  Medivac, Marine x5, SCV  
  86  6:29  Supply Depot  
  94  6:37  SCV  
  94  6:38  Terran Infantry Armor Level 1, Widow Mine  
  94  6:39  SCV  
  96  6:45  Marine x2  
  96  6:48  Barracks  
  96  6:49  Barracks  
  96  6:51  Marine x3  
  96  6:53  Widow Mine  
  87  6:55  SCV  
  87  6:59  Widow Mine  
  90  7:03  Marine x2  
  82  7:08  Marine  
  82  7:09  Marine x2  
  82  7:11  Medivac x2  
  75  7:19  Orbital Command  
  75  7:20  Marine x2  
  75  7:21  SCV x2  
  73  7:26  Marine x2, Missile Turret  
  73  7:27  Marine  
  73  7:29  Widow Mine  
  78  7:34  Widow Mine  
  78  7:38  Marine x2  
  78  7:41  Barracks Reactor  
  78  7:42  Barracks Reactor  
  79  7:44  Marine, Supply Depot  
  79  7:46  Missile Turret  
  79  7:48  Marine x2  
  79  7:51  Widow Mine  
  83  7:55  Medivac, Widow Mine  
  83  7:56  Medivac  
  89  7:59  Orbital Command  
  89  8:03  Marine x2  
  91  8:11  SCV  
  91  8:12  Marine x2  
  92  8:13  Marine  
  92  8:16  Widow Mine, Missile Turret  
  92  8:17  Widow Mine  
  97  8:20  Marine x3  
  97  8:21  Marine x3  
  97  8:22  SCV  
  97  8:23  SCV  
  97  8:26  SCV  
  106  8:30  Marine x3  
  106  8:34  SCV  
  110  8:35  SCV  
  106  8:41  Marine x2  
  106  8:42  Marine  
  106  8:43  Marine  
  106  8:46  SCV  
  106  8:47  Marine, SCV  
  103  8:55  Marine x2  
  91  8:56  Marine  
  91  8:59  Marine  
  91  9:02  Marine x4  
  94  9:05  Marine  
  80  9:10  Widow Mine  
  80  9:13  Marine  
  80  9:14  Marine  
Tags
 
Add a new tag
Caveats
  • Supply blocks, unpowered buildings, or Contaminate may cause inaccurate times.
  • Supply counts are checked every 10 seconds.